 Dungeon Crawl Stone Soup version 0.21-a0-426-g98080a9 (webtiles) character file.

123 Gorice the Chopper (level 4, -3/33 HPs)
             Began as a Demonspawn Wanderer on Nov 5, 2017.
             Splashed by a jelly's acid (10 damage)
             ... on level 1 of the Dungeon.
             The game lasted 00:08:13 (2903 turns).

Gorice the Chopper (Demonspawn Wanderer)            Turns: 2903, Time: 00:08:15

Health: -3/33      AC: -1    Str: 17    XL:     4   Next: 80%
Magic:  4/4        EV: 10    Int: 11    God:
Gold:   157        SH:  0    Dex: 11    Spells: 3/3 levels left

rFire    . . .     SeeInvis .   a - +3 dagger
rCold    . . .     Gourm    .   (no shield)
rNeg     + . .     Faith    .   i - +0 ring mail (curse)
rPois    .         Spirit   .   (no helmet)
rElec    .         Reflect  .   (no cloak)
rCorr    .         Harm     .   s - +0 pair of gloves
MR       .....                  (no boots)
Stlth    ++........             (no amulet)
HPRegen  0.11/turn              h - ring of positive energy
MPRegen  0.09/turn              (no ring)

@: corroded
A: rot immunity
a: no special abilities


You were on level 1 of the Dungeon.
You were not hungry.

You visited 1 branch of the dungeon, and saw 2 of its levels.

You collected 157 gold pieces.

Inventory:

Hand Weapons
 a - a +3 dagger (weapon)
 c - a +0 hand axe
 j - a +2 dagger
Missiles
 Y - 41 stones (quivered)
Armour
 e - a +1 robe
 i - a cursed +0 ring mail (worn)
 s - a +0 pair of gloves (worn)
Jewellery
 h - a ring of positive energy (left hand)
Scrolls
 d - 2 scrolls of teleportation {!r}
 o - a scroll of fog {unknown}
 q - a scroll of remove curse
 r - a scroll of enchant armour
Potions
 b - 2 potions of heal wounds {!q}
 g - a potion of lignification {!q}
 l - a potion of flight
 n - a potion of might {unknown}
 p - a potion of resistance {unknown}
Comestibles
 f - 2 bread rations {!e}
 k - 6 chunks of flesh


   Skills:
 - Level 2.0 Fighting
 * Level 3.7(3.8) Axes
   Level 1.0(2.5) Maces & Flails
 + Level 2.4 Armour
 - Level 3.6 Stealth
   Level 1.0 Shields


You had 3 spell levels left.
You didn't know any spells.

Dungeon Overview and Level Annotations

Branches:
Dungeon (2/15)

Altars:

Annotations:
D:1 vpUX:


Innate Abilities, Weirdness & Mutations

You are immune to rotting.


Message History

Throwing (i - inventory):
Y - 46 stones (quivered)
Press: ? - help, Shift-Dir - straight line, f - jelly
Aim: a jelly (hasn't noticed you)
You throw a stone. The jelly quivers.
The stone hits the jelly but does no damage.
Throwing (i - inventory):
Y - 45 stones (quivered)
Press: ? - help, Shift-Dir - straight line, f/p - jelly
Aim: a jelly You throw a stone.
The stone hits the jelly.
The jelly is lightly wounded.
Throwing (i - inventory):
Y - 44 stones (quivered)
Press: ? - help, Shift-Dir - straight line, f/p - jelly
Aim: a jelly (lightly wounded)
You throw a stone.
The stone hits the jelly but does no damage.
The jelly is lightly wounded.
Throwing (i - inventory):
Y - 43 stones (quivered)
Press: ? - help, Shift-Dir - straight line, f/p - jelly
Aim: a jelly (lightly wounded)
You throw a stone. The stone completely misses the jelly.
Throwing (i - inventory):
Y - 42 stones (quivered)
Press: ? - help, Shift-Dir - straight line, f/p - jelly
Aim: a jelly (lightly wounded)
You throw a stone. The stone hits the jelly.
The jelly is lightly wounded.
You barely miss the jelly.
The jelly is lightly wounded.
The jelly closely misses you.
You puncture the jelly!
Your hands burn!
The jelly is heavily wounded.
The jelly misses you.
Damage: 2 (max 2)
You hit the jelly.
Your hands burn!
The jelly is heavily wounded.
The jelly hits you but does no damage.
Damage: 2 (max 2)
You hit the jelly. The acid corrodes you!
Your hands burn!
The jelly is almost dead.
The jelly hits you.
You are splashed with acid!
The acid burns!
* * * LOW HITPOINT WARNING * * *
Damage: 14 (max 14) Unknown command.
You hit the jelly.
Your hands burn!
* * * LOW HITPOINT WARNING * * *
The jelly is almost dead.
The jelly hits you.
* * * LOW HITPOINT WARNING * * *
The acid corrodes you!
You are splashed with acid!
The acid burns!
You die...

......+...........# #.##....#..##
##..###...........# #.##.........
##..# #.###.#.....###.##....#..##
....###.###.#.................>..
............#..####.#)#####..#.##
##########..#..##.....# #..#.##
......s.J#.....##....## #..#...
........,#.....##....# #..#..#
......,,,#...((J@....# #.....#
##'#######.....##....# #..#...
....w....#((...##....# #..#...
.###....⌠'...####....# #..#..[
..<......#.).# ###.#######..#...
..>...⌠..#...######..........#...
######+###..................##...
......)......######.#######.##.##
.............# #............#


You could see a jelly.

Vanquished Creatures
  4 adders (D:2)
  3 oozes (D:1)
  2 worms
  2 leopard geckos (D:1)
  11 giant cockroaches
  5 goblins
  6 hobgoblins
  3 jackals (D:1)
  8 kobolds
  2 quokkas (D:2)
  A ball python (D:2)
  7 bats
  2 frilled lizards
  9 rats
65 creatures vanquished.

Notes
Turn   | Place    | Note
-------+----------+-------------------------------------------
     0 | D:1      | Gorice the Demonspawn Wanderer began the quest for the Orb.
     0 | D:1      | Gorice set off with: a +2 dagger, a potion of heal wounds {!q}, a +0 hand axe, a scroll of teleportation {!r}, a +0 robe, a bread ration {!e}
     0 | D:1      | Reached XP level 1. HP: 16/16 MP: 1/1
     1 | D:1      | Found a runed door.
     1 | D:1      | Noticed a jelly
    74 | D:1      | Reached skill level 1 in Axes
   107 | D:1      | Gained mutation: You are immune to rotting. [demonic ancestry]
   107 | D:1      | Reached XP level 2. HP: 18/22 MP: 2/2
   208 | D:1      | Reached skill level 2 in Axes
   530 | D:1      | Reached XP level 3. HP: 27/27 MP: 3/3
   855 | D:2      | HP: 8/27 [hobgoblin/club (2)]
  1299 | D:2      | Reached skill level 3 in Axes
  1398 | D:2      | Reached skill level 2 in Armour
  1460 | D:2      | Reached XP level 4. HP: 33/33 MP: 4/4
  1498 | D:1      | HP: 9/33 [poisoned by a scorpion]
  1504 | D:1      | HP: 7/33 [poisoned by a scorpion]
  1509 | D:1      | HP: 5/33 [poisoned by a scorpion]
  1517 | D:1      | HP: 4/33 [poisoned by a scorpion]
  2903 | D:1      | HP: 7/33 [jelly (3)]
  2903 | D:1      | Splashed by a jelly's acid

Vault maps used:
D:1:      dpeg_arrival_caged_fury, dk_noncrumbling_3
D:2:      serial_forest, infiniplex_forest_lined_3_way,
          infiniplex_forest_lined_4_way, infiniplex_forest_clump_C,
          infiniplex_forest_straight_1, infiniplex_forest_lined_3,
          infiniplex_forest_clump_diagonal, infiniplex_forest_straight_4,
          infiniplex_forest_clump_diagonal, infiniplex_forest_clump_medium,
          first_bread

Skill      XL: |  1  2  3 |
---------------+----------+-----
Axes           | 1 2 3 |  3.7
Armour         | 2 |  2.4
Fighting       | |  2.0
Maces & Flails | |  1.0
Stealth        | |  3.6
Shields        | |  1.0

Action                   |  1- 3 |  4- 6 || total
-------------------------+-------+-------++-------
Melee: Dagger            |   157 |   113 ||   270
Throw: Stone             |       |    11 ||    11
  Use: Scroll            |     7 |     1 ||     8
 Stab: Sleeping          |     2 |       ||     2
  Eat: Chunk             |     2 |     5 ||     7
Armor: Robe              |    18 |       ||    18
       Ring mail         |    28 |    36 ||    64
Dodge: Dodged            |   107 |    73 ||   180

Table legend:
 A = Spawn XP
 B = Non-spawn XP
 C = Spawn XP percentage of total XP
 D = Spawn monster count
 E = Non-spawn monster count
 F = Spawn count percentage of total count
 G = Total turns spent on level
                    A         B        C        D         E        F      G
               +---------+---------+-------+---------+---------+-------+---------
         Total |       0 |     177 |   0.0 |       0 |      65 |   0.0 |  2903
               +---------+---------+-------+---------+---------+-------+---------
           D:1 |       0 |      81 |   0.0 |       0 |      37 |   0.0 |  1723
           D:2 |       0 |      96 |   0.0 |       0 |      28 |   0.0 |  1180
               +---------+---------+-------+---------+---------+-------+---------

Table legend:
 A = Turns spent in this place as a percentage of turns spent in the entire game.
 B = Non-inter-level travel turns spent in this place as a percentage of non-inter-level travel turns spent in the entire game.
 C = Inter-level travel turns spent in this place as a percentage of turns spent in this place.
 D = Turns resting spent in this place as a percentage of non-inter-level travel turns spent in this place.
 E = Turns spent auto-exploring this place as a percentage of non-inter-level travel turns spent in this place.
 F = Non-inter-level travel turns spent in this place divided by the number of levels of this place that you've seen.
                   A       B       C       D       E      F
               +-------+-------+-------+-------+-------+----------------------
         Total | 100.0 | 100.0 |   3.2 |  34.6 |  31.9 | 1405.0
       Dungeon | 100.0 | 100.0 |   3.2 |  34.6 |  31.9 | 1405.0
               +-------+-------+-------+-------+-------+----------------------

Vault maps used:
D:1:      dpeg_arrival_caged_fury, dk_noncrumbling_3
D:2:      serial_forest, infiniplex_forest_lined_3_way,
          infiniplex_forest_lined_4_way, infiniplex_forest_clump_C,
          infiniplex_forest_straight_1, infiniplex_forest_lined_3,
          infiniplex_forest_clump_diagonal, infiniplex_forest_straight_4,
          infiniplex_forest_clump_diagonal, infiniplex_forest_clump_medium,
          first_bread
